 Dungeon Crawl Stone Soup version 0.28-a0-1429-gf3d713df7a (webtiles) character file.

Game seed: 7535092950656463591

58 Hasart the Sneak (level 4, 0/24 HPs)
             Began as a Kobold Enchanter on Jan 8, 2022.
             Succumbed to an adder's poison
             ... on level 2 of the Dungeon.
             The game lasted 00:02:58 (1577 turns).

Hasart the Sneak (Kobold Enchanter)                 Turns: 1577, Time: 00:02:59

Health: 0/24       AC:  2    Str:  5    XL:     4   Next: 21%
Magic:  1/7        EV: 15    Int: 18    God:
Gold:   18         SH:  0    Dex: 15    Spells: 2/7 levels left

rFire   . . .      SeeInvis .   a - +1 dagger
rCold   . . .      Faith    .   (no shield)
rNeg    . . .      Spirit   .   b - +0 robe
rPois   .          Reflect  .   (no helmet)
rElec   .          Harm     .   (no cloak)
rCorr   .          Rampage  .   (no gloves)
Will    .....                   (no boots)
Stlth   ++++......              (no amulet)
HPRegen 0.08/turn               (no ring)
MPRegen 0.10/turn               (no ring)

@: lethally poisoned (0 -> -2), invisible
A: small, no large weapons, nightstalker 3
a: no special abilities


You were on level 2 of the Dungeon.
You visited 1 branch of the dungeon, and saw 3 of its levels.

You collected 18 gold pieces.

Inventory:

Hand Weapons
 a - a +1 dagger (weapon)
 d - a +0 dagger of holy wrath
Armour
 b - a +0 robe (worn)
Potions
 e - a potion of curing {unknown}


   Skills:
 + Level 0.4 Fighting
 + Level 2.1 Short Blades
 + Level 2.6 Dodging
 + Level 4.6 Stealth
 + Level 2.4 Spellcasting
 * Level 3.6 Hexes
 + Level 1.1 Ice Magic


You had 2 spell levels left.
You knew the following spells:

 Your Spells              Type           Power      Damage    Failure   Level
a - Ensorcelled Hibernat  Hex/Ice        20%        N/A       10%         2
b - Confusing Touch       Hex            15%        N/A       12%         3

Your spell library contained the following spells:

 Spells                   Type           Power      Damage    Failure   Level
 Tukima's Dance           Hex            15%        N/A       12%         3
 Dazzling Flash           Conj/Hex       16%        N/A       24%         3


Dungeon Overview and Level Annotations

Branches:
Dungeon (3/15)

Altars:

Annotations:
D:1 1 runed translucent door


Innate Abilities, Weirdness & Mutations

You are small and have problems with some larger weapons.
You are completely attuned to the shadows.


Message History

The adder looks drowsy...
The helpless adder fails to defend itself.
You impale the adder!!
You kill the adder!
You have reached level 4!
Unknown command.
You barely miss the adder. The adder barely misses you. The adder bites you.
You miss the adder. The adder bites you.
You are poisoned.
The adder poisons you!
You closely miss the adder.
You feel sick. The adder closely misses you.
You hit the adder.
The adder is moderately wounded.
The adder bites you.
You closely miss the adder. Your punch misses the adder.
The adder is moderately wounded.
You feel sick. The adder closely misses you.
You fade into invisibility!
You feel sick. The adder bites you.
You are more poisoned.
The adder poisons you! The adder barely misses you.
Unknown command.
You hit the adder.
The adder is heavily wounded.
You feel sick. The adder barely misses you.
You closely miss the adder.
The adder is heavily wounded.
You feel sick. The adder closely misses you.
You barely miss the adder.
The adder is heavily wounded.
You feel sick. The adder closely misses you.
You catch the helpless adder completely off-guard!
You puncture the adder!
You kill the adder!
You feel sick. The adder bites you.
* * * LOW HITPOINT WARNING * * *
You strike the helpless adder from behind!
You puncture the adder!
You kill the adder!
You die...

######## #......#
#......# #†>....#
#......# ### #......#
#.. #......# ....#
###.#@## #####
##.#†######## #..
...#Shh.....(. #..
....hr.(.....# #..
............##. ###..
...............##.(..
.....†..(....#.h.....
.................#.##
..............[.....<


You could see 2 jackals, a ball python and a rat.

Vanquished Creatures
  3 adders (D:2)
  An adder skeleton (D:2)
  A worm (D:1)
  5 endoplasms
  A giant cockroach (D:1)
  3 goblins
  3 hobgoblins
  4 jackals
  2 ball pythons
  4 bats (D:1)
  2 frilled lizards (D:1)
  4 kobolds (D:1)
  2 rats
35 creatures vanquished.

Notes
Turn   | Place    | Note
-------+----------+-------------------------------------------
     0 | D:1      | Hasart the Kobold Enchanter began the quest for the Orb.
     0 | D:1      | Reached XP level 1. HP: 10/10 MP: 3/3
     1 | D:1      | Found a runed translucent door.
     3 | D:1      | Noticed a jelly
   116 | D:1      | Reached XP level 2. HP: 14/15 MP: 5/5
   153 | D:1      | Learned a level 2 spell: Ensorcelled Hibernation
   960 | D:1      | Reached XP level 3. HP: 11/19 MP: 1/6
   964 | D:1      | Learned a level 3 spell: Confusing Touch
  1505 | D:3      | Reached skill level 1 in Ice Magic
  1567 | D:2      | Reached XP level 4. HP: 21/24 MP: 0/7
  1576 | D:2      | HP: 1/24 [adder (3)]
  1577 | D:2      | Succumbed to an adder's poison

Illustrated notes

Levels and vault maps discovered:
D:1:      dpeg_arrival_caged_fury, layout_rooms, corexii_hall_statues_s
D:2:      layout_rooms, chequers_serial_rivers_micro_a, dk_vineyard_2
D:3:      minmay_door_path, layout_rooms, shapermc_ecumenical_altar_mp_vishouse

Skill      XL: |  1  2  3 |
---------------+----------+-----
Short Blades   | 2 |  2.1
Ice Magic      | 1 |  1.1
Fighting       | |  0.4
Dodging        | |  2.6
Stealth        | |  4.6
Spellcasting   | |  2.4
Hexes          | |  3.6

Action                   |  1- 3 |  4- 6 || total
-------------------------+-------+-------++-------
Melee: Dagger            |    93 |    10 ||   103
       Punch             |     4 |       ||     4
 Cast: Ensorcelled Hiber |    18 |       ||    18
  Use: Potion            |       |     1 ||     1
 Stab: Sleeping          |    18 |       ||    18
       Invisible         |       |     2 ||     2
Armor: Robe              |    21 |       ||    21
Dodge: Dodged            |    94 |     7 ||   101

Table legend: (Time is in decaauts)
 A = Elapsed time spent in this place.
 B = Non-inter-level travel time spent in this place.
 C = Inter-level travel time spent in this place.
 D = Time resting spent in this place.
 E = Time spent auto-exploring this place.
 F = Levels seen in this place.
 G = Mean time per level.
                   A        B        C        D        E       F      G
               +--------+--------+--------+--------+--------+-----+--------+
         Total |   1569 |   1559 |     10 |    229 |   1016 |   3 |  523.0 |
       Dungeon |   1569 |   1559 |     10 |    229 |   1016 |   3 |  523.0 |
               +--------+--------+--------+--------+--------+-----+--------+

Top non-repeatable levels by time:
     D:1: 1430 daAuts
     D:2: 133 daAuts
     D:3: 5 daAuts
